 Dungeon Crawl Stone Soup version 0.29.1-12-g30fa7ad0bf (webtiles) character file.

Game seed: 11624208627645872185

1024 DungeonMaster the Magician (level 8, 32/54 HPs)
             Began as a Demonspawn Hedge Wizard on Nov 15, 2022.
             Quit the game on level 5 of the Dungeon on Dec 28, 2022.
             The game lasted 00:24:56 (7061 turns).

DungeonMaster the Magician (DsHW)                   Turns: 7061, Time: 00:24:56

Health: 32/54      AC:  5    Str: 14    XL:     8   Next: 2%
Magic:  6/18       EV: 12    Int: 29    God:
Gold:   850        SH:  0    Dex: 13    Spells: 13/21 levels left

rFire   . . .      SeeInvis .   a - +9 dagger of Rotation {vamp, Str+4}
rCold   . . .      Faith    .   (no shield)
rNeg    . . .      Spirit   .   h - +0 robe
rPois   .          Reflect  .   c - +1 hat
rElec   +          Harm     .   e - +1 cloak of Liefoa {rElec rF- rCorr Int+5}
rCorr   +          Rampage  .   (no gloves)
Will    .....                   (no boots)
Stlth   ++........              x - amulet of the acrobat
HPRegen 0.18/turn               i - ring of protection from fire
MPRegen 0.16/turn               f - +6 ring of intelligence

@: very slightly contaminated, invisible
A: antennae 1, hooves 1, spiny 2, demonic touch 1
a: no special abilities


You were on level 5 of the Dungeon.
You visited 1 branch of the dungeon, and saw 5 of its levels.
You also visited: Sewer.

You collected 1472 gold pieces.
You spent 622 gold pieces at shops.

Inventory:

Hand Weapons
 a - the +9 dagger of Rotation (weapon) {vamp, Str+4}
   (You found it on level 5 of the Dungeon)

   It occasionally heals its wielder for a portion of the damage dealt when it
   wounds a living foe.
   Str:       It affects your strength (+4).
 j - a +0 sling
 m - a +2 antimagic morningstar
 s - a +2 short sword of protection
 E - a +1 halberd of venom
Missiles
 l - 20 poisoned darts
 y - 3 boomerangs
 z - 37 stones
 C - a throwing net
Armour
 c - a +1 hat (worn)
 e - the +1 cloak of Liefoa (worn) {rElec rF- rCorr Int+5}
   (You acquired it on level 2 of the Dungeon)

   Int:       It affects your intelligence (+5).
   rF:        It makes you vulnerable to fire.
   rElec:     It insulates you from electricity.
   rCorr:     It protects you from acid and corrosion.
 h - a +0 robe (worn)
 A - a +0 buckler
Magical Staves
 B - a staff of conjuration
Jewellery
 f - a +6 ring of intelligence (right hand)
 i - a ring of protection from fire (left hand)
 p - an amulet of reflection
 x - an amulet of the acrobat (around neck)
Wands
 o - a wand of flame (12)
Scrolls
 b - a scroll of teleportation
 w - 2 scrolls of amnesia
Potions
 d - a potion of magic
 g - 2 potions of flight {unknown}
 k - a potion of heal wounds {unknown}
 n - 3 potions of lignification
 q - a potion of resistance {unknown}
 r - 3 potions of curing
 t - 2 potions of haste
 u - a potion of brilliance
 v - 2 potions of mutation


   Skills:
 - Level 1.2 Fighting
 - Level 2.5 Dodging
 - Level 1.7 Stealth
 * Level 7.0 Spellcasting
 * Level 4.1 Conjurations
 - Level 1.0 Summonings
 - Level 0.8 Translocations
 * Level 1.9 Air Magic
 * Level 2.3 Poison Magic


You had 13 spell levels left.
You knew the following spells:

 Your Spells              Type           Power      Damage    Failure   Level
a - Magic Dart            Conj           100%       1d8       1%          1
b - Blink                 Tloc           30%        N/A       5%          2
c - Static Discharge      Conj/Air       27%        3-7/arc   2%          2
d - Mephitic Cloud        Conj/Pois/Air  26%        N/A       4%          3

Your spell library contained the following spells:

 Spells                   Type           Power      Damage    Failure   Level
 Slow                     Hex            40%        N/A       4%          1
 Call Imp                 Summ           16%        N/A       4%          2
 Conjure Flame            Conj/Fire      22%        6-21      6%          3
 Dazzling Flash           Conj/Hex       44%        N/A       6%          3
 Call Canine Familiar     Summ           16%        N/A       10%         3
 Portal Projectile        Hex/Tloc       24%        N/A       13%         3
 Confusing Touch          Hex            10%        N/A       16%         3
 Vampiric Draining        Necr           10%        2d6       16%         3
 Sticky Flame             Conj/Fire      22%        2d4       22%         4
 Lightning Bolt           Conj/Air       13%        1d27      38%         5
 Dispel Undead            Necr           10%        3d9       45%         4
 Leda's Liquefaction      Hex/Erth       5%         N/A       45%         4
 Silence                  Hex/Air        7%         N/A       67%         5
 Agony                    Necr           10%        N/A       80%         5
 Maxwell's Capacitive Co  Air            10%        ∞         100%        8


Dungeon Overview and Level Annotations

Branches:
Dungeon (5/15)              Sewer (visited)
 Temple: D:4-7

Altars:
Nemelex Xobeh

Shops:
D:1 *   D:2 *

Annotations:
D:4 1 runed translucent door


Innate Abilities, Weirdness & Mutations

You have a pair of small antennae on your head.
You have large cloven feet.
You are mostly covered in sharp spines.
Your touch may inflict minor irresistible damage on your foes.


Message History

Aiming: Mephitic Cloud (dangerous; 5% risk of failure)
Press: ? - help, Shift-Dir - straight line The ball explodes into a vile cloud!
The stinking cloud engulfs Sigmund but does no damage.
Sigmund is engulfed in noxious fumes.
Sigmund appears confused.
Sigmund is engulfed in noxious fumes.
Sigmund appears confused.
Casting: Mephitic Cloud (dangerous; 5% risk of failure)
Confirm with . or Enter, or press ? or * to list all spells.
Aiming: Mephitic Cloud (dangerous; 5% risk of failure)
Press: ? - help, Shift-Dir - straight line, f - Sigmund
Aim: Sigmund, wielding a +0 scythe, wearing a +0 robe and carrying a wand of flame (12) (noxious fumes, spells empowered, confused, unable to see you, chance to affect: 86%)
You miscast Mephitic Cloud.
You are very lightly contaminated with residual magic.
Nothing appears to happen.
Sigmund is engulfed in noxious fumes.
Sigmund appears confused.
Sigmund screams, "NO!
I can't bear this much noise."
You puncture Sigmund! Your touch misses Sigmund.
Sigmund is moderately wounded.
Sigmund is engulfed in noxious fumes.
Sigmund appears confused.
Sigmund closely misses you.
You barely miss Sigmund.
Sigmund is moderately wounded.
Sigmund seems less brilliant.
You completely miss Sigmund. Your touch misses Sigmund.
Sigmund is moderately wounded.
Sigmund is struck by your spines. Sigmund closely misses you.
You puncture Sigmund! You kick Sigmund.
Sigmund is severely wounded.
Sigmund closely misses you.
You puncture Sigmund!
You kill Sigmund!
Your Spellcasting skill increases to level 7!
Your Conjurations skill increases to level 4!
You have reached level 8!
You feel agile.
Your demonic ancestry asserts itself...
A pair of antennae grows on your head!
o - a wand of flame (12)
Things that are here:
a +0 scythe; a +0 robe Are you sure you want to abandon this character and quit the game? (Confirm with "yes".)

######.# .......# .#####.# .#
#.# .# #.# .# #.# ######.#
.......#######################
##.....#........@............#.
.+.....#.##########............
.#.....#..........#............
.#................#............
.##..###..........#............
..................#............
.....###..........#............
##.........########...........!
#.#.###.#.# #............


There were no monsters in sight!

Vanquished Creatures
  Sigmund (D:5)
  2 black bears
  An ogre (D:4)
  A phantom (D:5)
  A kobold brigand (Sewer)
  A gnoll sergeant (D:5)
  A scorpion (D:5)
  A hound (D:4)
  Jessica (D:3)
  An orc wizard (D:4)
  7 gnolls
  6 adders
  3 worms
  A dart slug (D:3)
  9 orcs
  19 ball pythons
  8 endoplasms
  8 giant cockroaches
  5 goblins
  10 hobgoblins
  2 jackals (D:2)
  4 quokkas
  5 bats
  7 frilled lizards
  22 kobolds
  7 rats
134 creatures vanquished.

Vanquished Creatures (others)
  A plant (Sewer)
1 creature vanquished.

Grand Total: 135 creatures vanquished

Notes
Turn   | Place    | Note
-------+----------+-------------------------------------------
     0 | D:1      | DungeonMaster the Demonspawn Hedge Wizard began the quest
                  | for the Orb.
     0 | D:1      | Reached XP level 1. HP: 13/13 MP: 4/4
   328 | D:1      | Gained mutation: You are partially covered in sharp spines.
                  | [demonic ancestry]
   328 | D:1      | Reached XP level 2. HP: 16/19 MP: 0/6
  1150 | D:1      | Found Tiob's Assorted Antiques.
  1612 | D:2      | Reached XP level 3. HP: 19/25 MP: 0/8
  1719 | D:2      | Learned a level 2 spell: Blink
  1723 | D:2      | Learned a level 3 spell: Mephitic Cloud
  1729 | D:2      | Found Hiacusi's Assorted Antiques.
  1797 | D:2      | Reached skill level 4 in Spellcasting
  2008 | D:2      | Found a sparkling altar of Nemelex Xobeh.
  2170 | D:2      | Found a faded altar of an unknown god.
  2305 | D:2      | Discovered your monstrous ancestry.
  2305 | D:2      | Gained mutation: Your touch may inflict minor irresistible
                  | damage on your foes. [demonic ancestry]
  2305 | D:2      | Reached XP level 4. HP: 31/31 MP: 3/10
  2406 | D:2      | Reached skill level 1 in Fighting
  3339 | D:2      | Identified a scroll of acquirement
  3341 | D:2      | Acquired the +1 cloak of Liefoa {rElec rF- rCorr Int+5}
  3564 | D:3      | Noticed Jessica
  3574 | D:3      | Killed Jessica
  3934 | D:3      | Reached skill level 5 in Spellcasting
  4032 | D:3      | Found a glowing drain.
  4038 | Sewer    | Entered a sewer
  4097 | Sewer    | Gained mutation: You are mostly covered in sharp spines.
                  | [demonic ancestry]
  4097 | Sewer    | Reached XP level 5. HP: 37/37 MP: 10/12
  4254 | Sewer    | Acquired 1222 gold pieces
  4789 | D:4      | Found a runed translucent door.
  4889 | D:4      | Noticed a black bear
  4996 | D:4      | Reached XP level 6. HP: 27/43 MP: 7/14
  5233 | D:4      | Reached skill level 1 in Poison Magic
  5699 | D:2      | Bought a runed morningstar for 175 gold pieces
  5699 | D:2      | Bought a scroll of identify for 50 gold pieces
  5699 | D:2      | Bought a scroll labelled USTRAR DIPHIYMEO for 25 gold
                  | pieces
  5699 | D:2      | Bought a thin glowing staff for 300 gold pieces
  5699 | D:2      | Bought a scroll of identify for 50 gold pieces
  5699 | D:2      | Bought a viscous black potion for 22 gold pieces
  5970 | D:4      | Reached skill level 6 in Spellcasting
  5970 | D:4      | Reached skill level 1 in Air Magic
  6118 | D:4      | Gained mutation: You have large cloven feet. [demonic
                  | ancestry]
  6118 | D:4      | Reached XP level 7. HP: 48/48 MP: 11/16
  6119 | D:4      | Upgraded the game from 0.29.1-2-gbd0b4ee654 to
                  | 0.29.1-12-g30fa7ad0bf
  6135 | D:4      | Learned a level 2 spell: Static Discharge
  6485 | D:5      | Entered Level 5 of the Dungeon
  6621 | D:5      | Identified the +9 dagger of Rotation {vamp, Str+4}
  7032 | D:5      | Noticed Sigmund
  7058 | D:5      | Killed Sigmund
  7059 | D:5      | Reached skill level 7 in Spellcasting
  7059 | D:5      | Gained mutation: You have a pair of small antennae on your
                  | head. [demonic ancestry]
  7059 | D:5      | Reached XP level 8. HP: 32/54 MP: 5/18
  7061 | D:5      | Quit the game

Illustrated notes

Levels and vault maps discovered:
D:1:      saegor_arrival_fortress, layout_basic, serial_shops, shop,
          st_stairs_8, minmay_misc_feat_enclosed
D:2:      layout_basic, basic_altar, serial_shops, shop, basic_ecumenical_altar,
          skrybe_limestone_x
D:3:      layout_loops_cross, portal_sewer_entry_e, uniq_jessica
D:4:      layout_loops_ring, ebering_ghost_sewer_d, minmay_close_crescents
D:5:      layout_basic, mainiacjoe_overflow_alcove_1, grunt_ministairs_2,
          uniq_sigmund

Skill      XL: |  1  2  3  4  5  6  7 |
---------------+----------------------+-----
Dodging        | 2 |  2.5
Spellcasting   | 4 5 6 7 |  7.0
Fighting       | 1 |  1.2
Conjurations   | 2 4 |  4.1
Poison Magic   | 1 2 |  2.3
Air Magic      | 1 |  1.9
Stealth        | |  1.7
Summonings     | |  1.0
Translocations | |  0.8

Action                   |  1- 3 |  4- 6 |  7- 9 || total
-------------------------+-------+-------+-------++-------
Melee: Dagger            |    17 |       |     6 ||    23
       Punch             |     1 |       |       ||     1
       Short sword       |     6 |    50 |    13 ||    69
       Touch             |       |    15 |     3 ||    18
       Kick              |       |       |     6 ||     6
 Cast: Magic Dart        |    83 |   153 |    24 ||   260
       Mephitic Cloud    |       |    12 |    10 ||    22
       Static Discharge  |       |       |     1 ||     1
  Use: Scroll            |       |    13 |       ||    13
       Potion            |       |       |     1 ||     1
 Stab: Confused          |       |     4 |     4 ||     8
Armor: Robe              |     2 |    17 |     1 ||    20
Dodge: Dodged            |    15 |    32 |    12 ||    59
